 Dungeon Crawl Stone Soup version 0.31.0-11-ge490571c62 (webtiles) character file.

Game seed: 13574331301485835072

1450 qw the Skirmisher (level 8, -4/46 HPs)
             Began as a Deep Elf Hunter on Feb 4, 2024.
             Was a Follower of Okawaru.
             Slain by a yak (8 damage)
             ... on level 6 of the Dungeon.
             The game lasted 00:01:52 (4986 turns).

qw the Skirmisher (Deep Elf Hunter)                 Turns: 4986, Time: 00:01:52

Health: -4/46      AC:  9    Str: 10    XL:     8   Next: 47%
Magic:  13/13      EV: 27    Int: 18    God:    Okawaru [*.....]
Gold:   206        SH:  0    Dex: 21    Spells: 7/7 levels left

rFire   . . .        f - +0 arbalest
rCold   . . .        (shield currently unavailable)
rNeg    . . .        h - +0 ring mail
rPois   +            j - +0 helmet
rElec   .            g - +0 cloak
rCorr   .            c - +1 pair of gloves
SInv    +            (no boots)
Will    .....        d - amulet of the acrobat
Stlth   +            k - ring of Tuifyxecee {Int+3 Dex+3 SInv}
HPRegen 0.27/turn    e - ring of poison resistance
MPRegen 0.13/turn

%: acrobat
@: acrobatic
A: no striking features
a: Renounce Religion, Heroism


You were on level 6 of the Dungeon.
You worshipped Okawaru.
Okawaru was aware of your devotion.
You visited 2 branches of the dungeon, and saw 7 of its levels.

You collected 206 gold pieces.


   Skills:
 - Level 3.1 Fighting
 + Level 12.0 Ranged Weapons
 - Level 1.8 Armour
 - Level 4.0 Dodging
 - Level 1.2 Stealth
 - Level 4.1 Invocations


You had 7 spell levels left.
You didn't know any spells.
Your spell library was empty.

Inventory:

Hand Weapons
 f - a +0 arbalest (weapon)
Armour
 c - a +1 pair of gloves (worn)
 g - a +0 cloak (worn)
 h - a +0 ring mail (worn)
 j - a +0 helmet (worn)
Jewellery
 d - an amulet of the acrobat (around neck)
 e - a ring of poison resistance (right hand)
 k - the ring of Tuifyxecee (left hand) {Int+3 Dex+3 SInv}
   (You acquired it on level 3 of the Dungeon)

   [ring of see invisible]

   Int+3:     It affects your intelligence (+3).
   Dex+3:     It affects your dexterity (+3).
   SInv:      It lets you see invisible.
 p - an amulet of regeneration
Wands
 l - a wand of iceblast (9)
 m - a wand of digging (6)
 o - a wand of polymorph (11)
Scrolls
 a - 2 scrolls of identify
 n - a scroll of fear {unknown}
Potions
 b - 2 potions of curing
 i - a potion of enlightenment
 q - a potion of brilliance {unknown}

Dungeon Overview and Level Annotations

Branches:
Dungeon (6/15)             Temple (1/1) D:4

Altars:
Dithmenos
Elyvilon
Fedhas
Gozag
Hepliaklqana
Kikubaaqudgha
Nemelex Xobeh
Okawaru
Qazlal
Ru
Sif Muna
Trog
Uskayaw
Vehumet
Wu Jian
Xom
Yredelemnul
Zin
The Shining One

Annotations:
D:2 1 runed translucent door, Crazy Yiuf
D:5 2 transporters, qw's ghost, novice DjHu


Message History

A yak comes into view.
Enter note:
Enter note:
4974 ||| RETREEEEATING.
4976 ||| RETREEEEATING.
You shoot a bolt. The bolt hits the yak!!
The yak is heavily wounded.
You hear a bellow! x2; You hear a shout! x2
You shoot a bolt. The bolt hits the yak.
The yak is severely wounded.
The yak barely misses you. The yak gores you!
You shoot a bolt. The bolt hits the yak!!
You kill the yak!
Okawaru accepts your kill.
Your Fighting skill increases to level 3!
Your Invocations skill increases to level 4!
You shoot a bolt. The bolt hits the yak.
The yak is lightly wounded.
The yak gores you! The yak gores you but does no damage.
You shoot a bolt. The bolt hits the yak!
The yak is heavily wounded.
You hear a bellow!
The yak gores you!
You shoot a bolt.
The bolt hits the yak but does no damage.
The yak is heavily wounded.
A yak comes into view.
Enter note:
4983 ||| RETREEEEATING.
The yak attacks as it pursues you! The yak gores you!
Enter note:
4984 ||| RETREEEEATING.
The yak barely misses you.
Enter note:
4985 ||| RETREEEEATING.
Enter note:
4986 ||| RETREEEEATING.
The yak attacks as it pursues you! The yak closely misses you.
The yak attacks as it pursues you! The yak gores you!
You die...

#..................
......
+..................
Y....
#..##.###....##..##
....##..##.#########..#
Y..#.......#....... ..
#..##......#.......
..###.. #####........#
.......##..##.########
.....Y.Y...Y@..#
.........Y.Y...#
..##...###....## #...
###### +... #... ....
#..^.


You could see 5 yaks.

Vanquished Creatures
  A yak (D:6)
  A black bear (D:4)
  3 ogres
  A centaur (D:5)
  2 phantoms (D:5)
  A scorpion (D:6)
  3 bombardier beetles
  A quasit (D:5)
  5 hounds
  2 orc priests (D:5)
  A sleepcap (D:4)
  An iguana (D:6)
  An orc wizard (D:2)
  Robin (D:3)
  A gnoll (D:4)
  3 adders
  2 shadow imps (D:5)
  5 white imps (D:5)
  10 ufetubi (D:5)
  A dart slug (D:2)
  2 ribbon worms
  17 orcs
  5 ball pythons
  7 bats
  6 endoplasms
  2 giant cockroaches
  6 hobgoblins
  2 jackals (D:3)
  9 kobolds
  6 quokkas
  2 frilled lizards
  9 goblins
  5 rats
124 creatures vanquished.

Notes
Turn   | Place    | Note
-------+----------+-------------------------------------------
     0 | D:1      | qw the Deep Elf Hunter began the quest for the Orb.
     0 | D:1      | Reached XP level 1. HP: 12/12 MP: 3/3
     0 | D:1      | 0 ||| qw: Version: 0.3-a-160-g6735b56
     0 | D:1      | 0 ||| qw: Game counter: 5809
     0 | D:1      | 0 ||| qw: Melee chars always use a shield: true
     0 | D:1      | 0 ||| qw: God list: Okawaru
     0 | D:1      | 0 ||| qw: Allow faded altars: false
     0 | D:1      | 0 ||| qw: Do Orc after clearing Dungeon:15 true
     0 | D:1      | 0 ||| qw: Do second Lair branch before Depths: true
     0 | D:1      | 0 ||| qw: Lair rune preference: random
     0 | D:1      | 0 ||| qw: Goals: Normal
     0 | D:1      | 0 ||| PLANNING D:1-11
   292 | D:1      | Reached XP level 2. HP: 16/16 MP: 4/4
   342 | D:1      | Reached skill level 6 in Ranged Weapons
   759 | D:1      | 759 ||| DROPPING amulet of magic regeneration.
   760 | D:1      | 760 ||| READING scroll labelled UBAS KOCVUEFUE.
   760 | D:1      | 760 ||| IDENTIFYING murky purple potion
   761 | D:1      | 761 ||| DROPPING scroll of butterflies.
   762 | D:1      | 762 ||| DROPPING potion of ambrosia.
   841 | D:2      | 841 ||| FLEEEEING.
   863 | D:2      | Reached XP level 3. HP: 20/20 MP: 5/5
  1033 | D:2      | Reached skill level 7 in Ranged Weapons
  1231 | D:2      | Found a runed translucent door.
  1232 | D:2      | Noticed Crazy Yiuf
  1319 | D:2      | HP: 4/20 [orc/+0 hand axe (2)]
  1321 | D:2      | Reached XP level 4. HP: 3/25 MP: 6/6
  1585 | D:2      | Found a faded altar of an unknown god.
  1605 | D:2      | Identified the +4 spear of Plague {heavy, rF+ rC+ Dex+2}
  1832 | D:2      | 1832 ||| UPGRADING to +0 ring mail.
  1842 | D:2      | 1842 ||| DROPPING +0 leather armour.
  1843 | D:2      | 1843 ||| UPGRADING to amulet of the acrobat.
  1848 | D:2      | 1848 ||| DROPPING +6 ring of intelligence.
  1849 | D:2      | 1849 ||| READING 3 scrolls labelled PAASTY UMOILUTH.
  1930 | D:2      | 1930 ||| READING scroll labelled IMINLOGAFU.
  2040 | D:3      | Noticed Robin
  2051 | D:3      | HP: 5/25 [Robin/+0 dagger (3)]
  2052 | D:3      | 2052 ||| READING 2 scrolls of teleportation.
  2350 | D:3      | Reached skill level 8 in Ranged Weapons
  2480 | D:3      | Killed Robin
  2526 | D:3      | Identified the +7 dagger of Death's Door {protect, rN+
                  | Will+ Int+4}
  2767 | D:3      | Found a radiant altar of Vehumet.
  2934 | D:3      | 2934 ||| UPGRADING to +0 pair of gloves.
  2939 | D:3      | 2939 ||| UPGRADING to +0 helmet.
  2944 | D:3      | 2944 ||| READING 2 scrolls of identify.
  2944 | D:3      | 2944 ||| IDENTIFYING fuming clear potion
  2945 | D:3      | 2945 ||| READING scroll of identify.
  2945 | D:3      | 2945 ||| IDENTIFYING viscous purple potion
  2946 | D:3      | 2946 ||| READING 3 scrolls labelled FOSYECK ZASOA.
  2946 | D:3      | 2946 ||| BRANDING +0 shortbow.
  2947 | D:3      | 2947 ||| READING 2 scrolls of brand weapon.
  2947 | D:3      | 2947 ||| BRANDING +0 shortbow of flaming.
  2948 | D:3      | 2948 ||| DRINKING 2 silvery potions.
  2949 | D:3      | 2949 ||| DROPPING potion of magic.
  3031 | D:4      | Found a staircase to the Ecumenical Temple.
  3032 | D:4      | 3032 ||| PLANNING TEMPLE
  3038 | Temple   | Entered the Ecumenical Temple
  3039 | Temple   | 3039 ||| PLANNING D:1-11
  3130 | D:4      | Noticed a black bear
  3133 | D:4      | Killed a black bear
  3134 | D:4      | Reached skill level 9 in Ranged Weapons
  3134 | D:4      | Reached XP level 5. HP: 29/29 MP: 7/7
  3344 | D:4      | Reached XP level 6. HP: 28/35 MP: 8/8
  3344 | D:4      | 3344 ||| FLEEEEING.
  3345 | D:4      | 3345 ||| FLEEEEING.
  3346 | D:4      | 3346 ||| STAIRDANCE
  3370 | D:3      | 3370 ||| UPGRADING to +0 cloak.
  3375 | D:3      | 3375 ||| READING scroll labelled OLUNES LIMUA.
  3375 | D:3      | Identified a scroll of acquirement
  3375 | D:3      | 3375 ||| ACQUIRING ring of Tuifyxecee {Int+3 Dex+3 SInv}
  3375 | D:3      | Acquired the ring of Tuifyxecee {Int+3 Dex+3 SInv}
  3377 | D:3      | 3377 ||| UPGRADING to ring of Tuifyxecee {Int+3 Dex+3
                  | SInv}.
  3378 | D:3      | 3378 ||| READING 3 scrolls labelled RERRALUEWA.
  3378 | D:3      | 3378 ||| ENCHANTING +0 heavy shortbow.
  3379 | D:3      | 3379 ||| READING 2 scrolls of enchant weapon.
  3379 | D:3      | 3379 ||| ENCHANTING +1 heavy shortbow.
  3380 | D:3      | 3380 ||| READING scroll of enchant weapon.
  3380 | D:3      | 3380 ||| ENCHANTING +2 heavy shortbow.
  3523 | D:4      | Reached skill level 1 in Armour
  3641 | D:4      | Found a sparkling altar of Nemelex Xobeh.
  3649 | D:4      | Reached skill level 3 in Dodging
  3685 | D:4      | Found an iron altar of Okawaru.
  3686 | D:4      | 3686 ||| PLANNING OKAWARU WORSHIP
  3686 | D:4      | 3686 ||| READING scroll of identify.
  3686 | D:4      | 3686 ||| IDENTIFYING sapphire potion
  3687 | D:4      | 3687 ||| DROPPING potion of lignification.
  3695 | D:4      | Became a worshipper of Warmaster Okawaru
  3696 | D:4      | 3696 ||| PLANNING D:1-11
  3966 | D:5      | Entered Level 5 of the Dungeon
  3975 | D:5      | You fall into a shaft and drop 1 floor!
  3988 | D:5      | Found a transporter.
  3991 | D:5      | Reached XP level 7. HP: 40/40 MP: 9/9
  4015 | D:5      | Found a transporter.
  4039 | D:5      | 4039 ||| RETREEEEATING.
  4040 | D:5      | 4040 ||| RETREEEEATING.
  4043 | D:5      | 4043 ||| RETREEEEATING.
  4045 | D:5      | 4045 ||| RETREEEEATING.
  4046 | D:5      | 4046 ||| RETREEEEATING.
  4047 | D:5      | 4047 ||| RETREEEEATING.
  4048 | D:5      | 4048 ||| RETREEEEATING.
  4050 | D:5      | 4050 ||| RETREEEEATING.
  4051 | D:5      | 4051 ||| RETREEEEATING.
  4052 | D:5      | 4052 ||| RETREEEEATING.
  4053 | D:5      | 4053 ||| RETREEEEATING.
  4055 | D:5      | Reached skill level 10 in Ranged Weapons
  4056 | D:5      | 4056 ||| RETREEEEATING.
  4057 | D:5      | 4057 ||| RETREEEEATING.
  4062 | D:5      | 4062 ||| RETREEEEATING.
  4063 | D:5      | 4063 ||| RETREEEEATING.
  4073 | D:5      | HP: 10/40 [ufetubus (3)]
  4074 | D:5      | 4074 ||| READING scroll of teleportation.
  4074 | D:5      | HP: 4/40 [ufetubus (4)]
  4075 | D:5      | 4075 ||| RETREEEEATING.
  4076 | D:5      | 4076 ||| RETREEEEATING.
  4076 | D:5      | HP: 1/40 [ufetubus (4)]
  4077 | D:5      | 4077 ||| RETREEEEATING.
  4242 | D:5      | Reached skill level 11 in Ranged Weapons
  4328 | D:5      | Reached * piety under Okawaru
  4414 | D:5      | Reached skill level 1 in Invocations
  4430 | D:5      | Noticed qw's ghost (novice DjHu)
  4456 | D:5      | Reached XP level 8. HP: 44/44 MP: 11/11
  4578 | D:5      | Reached skill level 12 in Ranged Weapons
  4578 | D:5      | Reached skill level 3 in Invocations
  4644 | D:5      | 4644 ||| SWAPPING to +0 orcbow.
  4645 | D:5      | 4645 ||| DROPPING +3 heavy shortbow.
  4646 | D:5      | 4646 ||| READING scroll of brand weapon.
  4646 | D:5      | 4646 ||| BRANDING +0 orcbow.
  4794 | D:5      | Found an ornate altar of the Wu Jian Council.
  4806 | D:5      | 4806 ||| UPGRADING to ring of poison resistance.
  4807 | D:5      | 4807 ||| READING scroll of identify.
  4807 | D:5      | 4807 ||| IDENTIFYING scroll labelled HEADUYSOSO
  4808 | D:5      | 4808 ||| READING scroll of enchant armour.
  4808 | D:5      | 4808 ||| ENCHANTING +0 pair of gloves.
  4907 | D:6      | 4907 ||| SWAPPING to +0 arbalest.
  4909 | D:6      | 4909 ||| DROPPING +0 orcbow of freezing.
  4974 | D:6      | 4974 ||| RETREEEEATING.
  4976 | D:6      | 4976 ||| RETREEEEATING.
  4980 | D:6      | Reached skill level 3 in Fighting
  4983 | D:6      | 4983 ||| RETREEEEATING.
  4983 | D:6      | HP: 3/46 [yak (12)]
  4984 | D:6      | 4984 ||| RETREEEEATING.
  4985 | D:6      | 4985 ||| RETREEEEATING.
  4986 | D:6      | 4986 ||| RETREEEEATING.
  4986 | D:6      | Slain by a yak

Levels and vault maps discovered:
D:1:      ncdulo_watergridlock, layout_loops_corners, minivault_14,
          minmay_tromino_i2
D:2:      layout_basic, hellmonk_ecumenical_altar_arch_garden, nrook_uturn,
          uniq_crazy_yiuf_cottage
D:3:      layout_basic, mainiacjoe_overflow_tiny_flanked, uniq_robin
D:4:      layout_basic, okawaru_altar_gauntlet_db,
          nemelex_xobeh_ov_fountains_minmay, minmay_temple_entry_offerings
D:5:      layout_cave_pools, general_overflow_altar, serial_demonic,
          serial_demonic_b, serial_demonic_e, serial_demonic_d,
          serial_demonic_a, serial_demonic_b, serial_demonic_f,
          serial_demonic_f, serial_demonic_f, serial_demonic_e,
          serial_demonic_d, gammafunk_ghost_stat_death,
          hangedman_minor_gate_pass
D:6:      layout_gridville
Temple:   eino_wide_crystal_templ

Skill      XL: |  1  2  3  4  5  6  7  8 |
---------------+-------------------------+-----
Ranged Weapons | 6 7 9 11 12 | 12.0
Fighting       | 2 3 |  3.1
Armour         | 1 |  1.8
Dodging        | 3 4 |  4.0
Invocations    | 1 4 |  4.1
Stealth        | |  1.2

Action                     |  1- 3 |  4- 6 |  7- 9 || total
---------------------------+-------+-------+-------++-------
   Fire: Shortbow          |    94 |   147 |    95 ||   336
         Arbalest          |       |       |    14 ||    14
         Orcbow            |       |       |     8 ||     8
    Use: Scroll            |     1 |    12 |     4 ||    17
         Potion            |       |     1 |       ||     1
 Armour: Leather armour    |    14 |     1 |       ||    15
         Ring mail         |       |    49 |   107 ||   156
  Dodge: Dodged            |    18 |    39 |   148 ||   205

Table legend:
 A = Non-vault XP
 B = Vault XP
 C = Vault XP percentage of total XP
 D = Non-vault monster count
 E = Vault monster count
 F = Vault count percentage of total count
                 A         B        C        D         E       F
            +---------+---------+-------+---------+---------+-------
      Total |    1629 |     443 |  21.4 |      89 |      35 |  28.2
            +---------+---------+-------+---------+---------+-------
        D:1 |      21 |       2 |   8.7 |      12 |       1 |   7.7
        D:2 |     106 |       0 |   0.0 |      26 |       0 |   0.0
        D:3 |      25 |      27 |  51.9 |      13 |       7 |  35.0
        D:4 |     490 |      26 |   5.0 |      20 |       6 |  23.1
        D:5 |     626 |     388 |  38.3 |      14 |      21 |  60.0
        D:6 |     361 |       0 |   0.0 |       4 |       0 |   0.0
            +---------+---------+-------+---------+---------+-------
